 Dungeon Sprint DCSS version 0.24-a0-439-g6dd8730de2 (webtiles) character file.

Game seed: 11600003872327474691

2070 mahrnol the Blocker (level 9, -11/90 HPs)
             Began as a Minotaur Fighter on June 17, 2019.
             Was a Priest of Makhleb.
             Mangled by Sonja
             ... wielding a +2 short sword of distortion
              (17 damage)
             ... in the Dungeon (Sprint IX: "|||||||||||||||||||||||||||||").
             The game lasted 00:05:00 (578 turns).

mahrnol the Blocker (Minotaur Fighter)               Turns: 578, Time: 00:05:01

Health: -11/90     AC: 18    Str: 28    XL:     9   Next: 5%
Magic:  8/8        EV:  7    Int:  8    God:    Makhleb [***...]
Gold:   0          SH: 13    Dex:  9    Spells: 8/8 levels left

rFire    . . .     SeeInvis .   r - +2 scimitar (flame)
rCold    . . .     Gourm    .   c - +0 shield
rNeg     . . .     Faith    .   v - +0 plate armour
rPois    .         Spirit   .   (helmet restricted)
rElec    .         Reflect  .   (no cloak)
rCorr    .         Harm     .   t - +0 pair of gloves
MR       .....     NoTele   +   u - +0 pair of boots
Stlth    ..........             (no amulet)
HPRegen  0.25/turn              w - +3 ring of intelligence
MPRegen  0.11/turn              x - +3 ring of strength

@: lethally poisoned (-11 -> -13), slowed, very slow
A: retaliatory headbutt, horns 2
a: Minor Destruction, Lesser Servant of Makhleb, Renounce Religion


You were in the Dungeon.
You worshipped Makhleb.
Makhleb was most pleased with you.
You were hungry.

You visited 1 branch

Inventory:

Hand Weapons
 a - a +0 flail
 q - a +2 vampiric halberd
 r - a +2 scimitar of flaming (weapon)
 s - a +3 war axe of freezing
Missiles
 y - 2 boomerangs (quivered)
Armour
 b - a +0 scale mail
 c - a +0 shield (worn)
 t - a +0 pair of gloves (worn)
 u - a +0 pair of boots (worn)
 v - a +0 plate armour (worn)
Jewellery
 w - a +3 ring of intelligence (left hand)
 x - a +3 ring of strength (right hand)
Wands
 p - a wand of iceblast (10)
Scrolls
 k - 2 scrolls of blinking
 n - 3 scrolls of remove curse
 o - 2 scrolls of amnesia
Potions
 d - a potion of might
 e - 5 potions of curing
 g - 3 potions of heal wounds
 h - a potion of haste
 i - 4 potions of magic
 j - a potion of berserk rage
 m - a potion of invisibility
Comestibles
 f - a ration
 l - 5 chunks of flesh


   Skills:
 + Level 11.9 Fighting
 + Level 10.6 Long Blades
 + Level 8.9 Maces & Flails
 + Level 11.2 Armour
 + Level 13.0 Shields


You had 8 spell levels left.
You didn't know any spells.
Your spell library was empty.

Dungeon Overview and Level Annotations

Branches:
Dungeon (1/1)

Altars:
Cheibriados
Dithmenos
Elyvilon
Fedhas
Gozag
Hepliaklqana
Kikubaaqudgha
Makhleb
Nemelex Xobeh
Okawaru
Qazlal
Ru
Sif Muna
Trog
Uskayaw
Vehumet
Wu Jian
Xom
Yredelemnul
Zin
The Shining One
Beogh
Jiyva
Lugonu

Annotations:
D Sonja


Innate Abilities, Weirdness & Mutations

You reflexively headbutt those who attack you in melee.
You have a pair of horns on your head.


Message History

You feel a strange sense of stasis. You block Sonja's attack.
Sonja hits you but does no damage. You block Sonja's attack.
Sonja hits you but does no damage. Space bends around you.
* * * LOW HITPOINT WARNING * * *
You block Sonja's attack.
You completely miss Sonja.
Sonja is severely wounded.
You are feeling hungry.
You feel sick.
Sonja hits you with a +2 short sword of distortion.
* * * LOW HITPOINT WARNING * * *
Sonja hits you but does no damage.
You feel a strange sense of stasis. You block Sonja's attack.
Sonja barely misses you. You furiously retaliate!
You headbutt Sonja.
Sonja hits you with a +2 short sword of distortion.
* * * LOW HITPOINT WARNING * * *
Space warps horribly around you!
* * * LOW HITPOINT WARNING * * *
Sonja hits you but does no damage. Space warps horribly around you!
You die...

▓▓▓▓▓▓▓▓▓▓▓▓▓▓▓▓▓▓▓▓▓▓▓▓▓▓
...............K@.(..(....
▓▓▓▓▓▓▓▓▓▓▓▓▓▓▓▓▓▓▓▓▓▓▓▓▓▓▓▓▓▓▓▓▓
)...÷.....)|..'__________________
▓▓▓▓▓▓▓▓▓▓▓▓▓▓▓▓▓▓▓▓▓▓▓▓▓▓▓▓▓▓▓▓▓


You could see Sonja.

Vanquished Creatures
  A centaur warrior (D)
  A deep elf mage (D)
  An ugly thing (D)
  A hungry ghost (D)
  An ice beast (D)
  A black bear (D)
  A phantom (D)
  A crocodile (D)
  A big kobold (D)
  A jelly (D)
  2 adders (D)
  An adder skeleton (D)
  2 orcs (D)
  A ball python (D)
  A bat zombie (D)
  A goblin (D)
  A hobgoblin (D)
  3 kobolds (D)
22 creatures vanquished.

Notes
Turn   | Place    | Note
-------+----------+-------------------------------------------
     0 | D        | mahrnol the Minotaur Fighter began the quest for the Orb.
     0 | D        | Reached XP level 1. HP: 19/19 MP: 0/0
    11 | D        | Reached skill level 4 in Shields
    45 | D        | Noticed a jelly
    54 | D        | Reached XP level 2. HP: 26/28 MP: 1/1
    57 | D        | Reached skill level 5 in Fighting
    57 | D        | Reached skill level 5 in Armour
    57 | D        | Reached skill level 5 in Shields
    57 | D        | Reached XP level 3. HP: 27/37 MP: 2/2
   217 | D        | Found a roughly hewn altar of Beogh.
   217 | D        | Found a snail-covered altar of Cheibriados.
   217 | D        | Found a shadowy altar of Dithmenos.
   217 | D        | Found a white marble altar of Elyvilon.
   217 | D        | Found a blossoming altar of Fedhas.
   217 | D        | Found an opulent altar of Gozag.
   218 | D        | Found a hazy altar of Hepliaklqana.
   219 | D        | Found a viscous altar of Jiyva.
   220 | D        | Found an ancient bone altar of Kikubaaqudgha.
   221 | D        | Found a corrupted altar of Lugonu.
   222 | D        | Found a burning altar of Makhleb.
   223 | D        | Found a sparkling altar of Nemelex Xobeh.
   224 | D        | Found an iron altar of Okawaru.
   225 | D        | Found a stormy altar of Qazlal.
   226 | D        | Found a sacrificial altar of Ru.
   227 | D        | Found a deep blue altar of Sif Muna.
   228 | D        | Found a bloodstained altar of Trog.
   229 | D        | Found a hide-covered altar of Uskayaw.
   230 | D        | Found a radiant altar of Vehumet.
   231 | D        | Found an ornate altar of the Wu Jian Council.
   232 | D        | Found a shimmering altar of Xom.
   233 | D        | Found a basalt altar of Yredelemnul.
   234 | D        | Found a glowing silver altar of Zin.
   235 | D        | Found a glowing golden altar of the Shining One.
   254 | D        | Became a worshipper of Makhleb the Destroyer
   311 | D        | Noticed a crocodile
   311 | D        | Noticed a black bear
   311 | D        | Noticed a hungry ghost
   311 | D        | Noticed a phantom
   322 | D        | Killed a hungry ghost
   322 | D        | Reached skill level 5 in Maces & Flails
   322 | D        | Reached skill level 8 in Shields
   322 | D        | Reached XP level 4. HP: 41/48 MP: 3/3
   322 | D        | Reached XP level 5. HP: 45/53 MP: 4/4
   324 | D        | Killed a phantom
   324 | D        | Reached XP level 6. HP: 54/62 MP: 5/5
   330 | D        | Reached * piety under Makhleb
   330 | D        | Reached skill level 9 in Shields
   338 | D        | Reached ** piety under Makhleb
   422 | D        | Noticed a brown ugly thing
   422 | D        | Noticed an ice beast
   422 | D        | Noticed a deep elf mage
   422 | D        | Noticed a centaur warrior
   424 | D        | Noticed a fire elemental
   424 | D        | Noticed a fire elemental
   426 | D        | Killed a deep elf mage
   426 | D        | Reached skill level 10 in Fighting
   426 | D        | Reached skill level 10 in Armour
   426 | D        | Reached skill level 11 in Shields
   426 | D        | Reached XP level 7. HP: 73/73 MP: 6/6
   436 | D        | Killed a centaur warrior
   436 | D        | Reached skill level 12 in Shields
   436 | D        | Reached XP level 8. HP: 61/82 MP: 7/7
   442 | D        | Killed a brown ugly thing
   442 | D        | Reached *** piety under Makhleb
   442 | D        | Reached skill level 10 in Long Blades
   456 | D        | Reached XP level 9. HP: 74/90 MP: 8/8
   464 | D        | Reached skill level 13 in Shields
   567 | D        | Noticed Sonja
   578 | D        | Mangled by Sonja

Levels and vault maps discovered:
D:        linesprint [early_d, line_temple, items_1, d_10, items_2, lair_1,
          lair_end, items_3, orc_1, orc_end, items_4, d_15, swamp_1, shoals_1,
          snake_1, spider_1, d_20, vaults_1, items_5, swamp_end, shoals_end,
          snake_end, spider_end, vaults_end, d_27, items_6, zot_1, zot_end,
          crypt_end, forest_end, elf_end, slime_end, tomb_end, abyss_end,
          pan_hell_end]

Skill      XL: |  1  2  3  4  5  6  7  8  9 |
---------------+----------------------------+-----
Fighting       | 4 5 7 8 10 11 | 11.9
Armour         | 4 5 7 8 10 11 | 11.2
Shields        | 4 5 8 11 12 13 | 13.0
Maces & Flails | 3 5 6 7 8 |  8.9
Long Blades    | 2 3 7 9 10 | 10.6

Action                   |  1- 3 |  4- 6 |  7- 9 || total
-------------------------+-------+-------+-------++-------
Melee: Flail             |    37 |       |       ||    37
       Headbutt          |     5 |     4 |     6 ||    15
       Scimitar          |    11 |    19 |    45 ||    75
  Eat: Chunk             |       |     2 |       ||     2
Armor: Scale mail        |    13 |       |       ||    13
       Plate armour      |     8 |    17 |    33 ||    58
Dodge: Dodged            |    13 |     3 |     8 ||    24
Block: Shield            |    19 |    19 |    30 ||    68
       Rpst.: Scimitar   |       |     1 |     3 ||     4

Table legend:
 A = Non-vault XP
 B = Vault XP
 C = Vault XP percentage of total XP
 D = Non-vault monster count
 E = Vault monster count
 F = Vault count percentage of total count
                 A         B        C        D         E       F
            +---------+---------+-------+---------+---------+-------
      Total |       0 |    2958 | 100.0 |       0 |      22 | 100.0
            +---------+---------+-------+---------+---------+-------
          D |       0 |    2958 | 100.0 |       0 |      22 | 100.0
            +---------+---------+-------+---------+---------+-------
